 Dungeon Crawl Stone Soup version 0.27-a0-1242-ge70438ac7b (webtiles) character file.

Game seed: 16848658568915750391

6 Glokmah the Caller (level 1, -3/14 HPs)
             Began as a Merfolk Summoner on June 9, 2021.
             Slain by a quokka (5 damage)
             ... on level 1 of the Dungeon.
             The game lasted 00:00:49 (238 turns).

Glokmah the Caller (Merfolk Summoner)                Turns: 238, Time: 00:00:49

Health: -3/14      AC:  2    Str:  8    XL:     1   Next: 90%
Magic:  2/3        EV: 12    Int: 14    God:
Gold:   5          SH:  0    Dex: 14    Spells: 3/4 levels left

rFire    . . .     SeeInvis .   d - +0 club
rCold    . . .     Faith    .   (no shield)
rNeg     . . .     Spirit   .   a - +0 robe
rPois    .         Reflect  .   (no helmet)
rElec    .         Harm     .   (no cloak)
rCorr    .         Rampage  .   (no gloves)
Will     .....                  (no boots)
Stlth    ++........             (no amulet)
HPRegen  0.04/turn              (no ring)
MPRegen  0.08/turn              (no ring)

@: no status effects
A: (nimble swimmer 2), mertail
a: no special abilities


You were on level 1 of the Dungeon.
You visited 1 branch of the dungeon, and saw 1 of its levels.

You collected 5 gold pieces.

Inventory:

Hand Weapons
 d - a +0 club (weapon)
Armour
 a - a +0 robe (worn)
Scrolls
 c - a scroll of vulnerability {unknown}
Potions
 b - a potion of might {unknown}


   Skills:
 + Level 0.4 Fighting
 + Level 2.8 Dodging
 - Level 2.1 Stealth
 + Level 2.1 Spellcasting
 * Level 4.1 Summonings


You had 3 spell levels left.
You knew the following spells:

 Your Spells              Type           Power      Damage    Failure   Level
a - Summon Small Mammal   Summ           52%        N/A       4%          1

Your spell library contained the following spells:

 Spells                   Type           Power      Damage    Failure   Level
 Call Imp                 Summ           13%        N/A       6%          2
 Call Canine Familiar     Summ           13%        N/A       13%         3
 Summon Guardian Golem    Hex/Summ       7%         N/A       30%         3
 Summon Ice Beast         Ice/Summ       7%         N/A       69%         4
 Summon Lightning Spire   Summ/Air       7%         N/A       69%         4


Dungeon Overview and Level Annotations

Branches:
Dungeon (1/15)

Altars:


Innate Abilities, Weirdness & Mutations

((You are quick and stealthy near water. (Stealth+, EV+, Speed+++)))
Your lower body shifts to a powerful aquatic tail in water.


Message History

A slug dart appears from out of your range of vision.
The slug dart hits your quokka.
A dart slug comes into view.
A dart slug is nearby!
Casting: Summon Small Mammal (safe; 4% risk of failure)
Confirm with . or Enter, or press ? or * to list all spells.
You swap places.
Your bat hits the dart slug. What are your orders? t - Shout!
Orders for allies: a - Attack new target. r - Retreat! s - Stop attacking. g - Guard the area. f - Follow me.
Anything else - Cancel.
Gang up on whom?
Press: ? - help, Dir - move target, f - dart slug
Aim: a dart slug (lightly wounded, ally target) Attack!
Your bat hits the dart slug. The dart slug misses your bat.
Your bat hits the dart slug. Your bat hits the dart slug.
Your quokka bites the dart slug.
The dart slug closely misses your quokka.
Your quokka bites the dart slug.
The dart slug dies!
Something barely misses your bat.
Your quokka disappears in a puff of smoke!
A quokka comes into view.
Your bat closely misses the quokka.
The quokka barely misses your bat.
You swap places.
Your bat hits the quokka but does no damage. x2
Your quokka disappears in a puff of smoke!
The quokka bites you.
* * * LOW HITPOINT WARNING * * *
You hit the quokka but do no damage. Your bat hits the quokka.
The quokka bites you.
* * * LOW HITPOINT WARNING * * *
Your bat hits the quokka. The quokka misses you.
You hit the quokka but do no damage.
The quokka is moderately wounded.
Your bat barely misses the quokka.
The quokka bites you.
You die...

.. #. .# # #.##. .#
#.#....#.## #......b..
..# #........# #..
.........# ..
#.....r.# #.## ####
#@# ...# #..### ##.##
###...#
#....####.§.####.....#
##.....#..≈..#.....#.#
#8..≈....≈..†.≈..8#.#
##...≈..≈≈≈..≈...##.#
##.....≈≈≈≈≈≈≈.....#.#
#....≈≈≈≈...≈≈≈≈.....#
#..≈≈≈≈≈..<..≈≈≈≈≈...#


You could see a quokka (ally target) and a friendly bat (summoned).

Vanquished Creatures
  A jackal (D:1)
1 creature vanquished.

Vanquished Creatures (collateral kills)
  A dart slug (D:1)
  A giant cockroach (D:1)
  A goblin (D:1)
  A jackal (D:1)
  A ball python (D:1)
  A frilled lizard (D:1)
6 creatures vanquished.

Grand Total: 7 creatures vanquished

Notes
Turn   | Place    | Note
-------+----------+-------------------------------------------
     0 | D:1      | Glokmah the Merfolk Summoner began the quest for the Orb.
     0 | D:1      | Reached XP level 1. HP: 13/13 MP: 3/3
   238 | D:1      | Slain by a quokka

Illustrated notes

Levels and vault maps discovered:
D:1:      eino_arrival_water_star, layout_basic, minmay_pentomino_t2

Action                   || total
-------------------------++-------
Melee: Unarmed           ||    22
       Club              ||     2
 Cast: Summon Small Mamm ||    12
Armor: Robe              ||     5
Dodge: Dodged            ||    33

Table legend: (Time is in decaauts)
 A = Elapsed time spent in this place.
 B = Non-inter-level travel time spent in this place.
 C = Inter-level travel time spent in this place.
 D = Time resting spent in this place.
 E = Time spent auto-exploring this place.
 F = Levels seen in this place.
 G = Mean time per level.
                   A        B        C        D        E       F      G
               +--------+--------+--------+--------+--------+-----+--------+
         Total |    236 |    236 |      0 |      0 |    136 |   1 |  236.0 |
       Dungeon |    236 |    236 |      0 |      0 |    136 |   1 |  236.0 |
               +--------+--------+--------+--------+--------+-----+--------+

Top non-repeatable levels by time:
     D:1: 236 daAuts
